AoeStats
← chenya_ko

Arabia

510006354Analyzed
1v1 RM · 4d ago on Sep 29, 2026· 50m 50s· 2 players
Game mode
Random Map
Map size
Tiny (2 player)
Population
200
Speed
Normal
Resources
Standard
Victory
Conquest
Starting age
Dark Age
Ending age
Imperial Age
RankedLock teamsTeams togetherTeam positionsShared explorationLock speedFull tech treeHidden civsTurbo modeCheats
Victory
Defeat
🇹🇼 Japanese · Taiwan
1076
+18
🇦🇷 Danes · Argentina
1123
-18
chenya_ko
1:57 Loom
10:13 Feudal Age
10:22 Man-at-Arms
11:34 Double-Bit Axe
16:22 Wheelbarrow
15:54 Fletching
20:29 Gold Mining
23:24 Castle Age
21:23 Horse Collar
22:16 Arson
22:44 Forging
22:35 Scale Mail Armor
23:31 Long Swordsman
24:13 Squires
24:29 Bow Saw
24:59 Heavy Plow
25:14 Stone Mining
25:16 Gambesons
27:04 Iron Casting
28:25 Chain Mail Armor
28:20 Town Watch
29:35 Padded Archer Armor
31:00 Bodkin Arrow
32:23 Hand Cart
33:40 Elite Skirmisher
34:38 Leather Archer Armor
35:46 Gold Shaft Mining
36:43 Pikeman
38:29 Ballistics
41:11 Imperial Age
43:03 Chemistry
41:32 Two-Handed Swordsman
42:47 Plate Mail Armor
43:18 Blast Furnace
42:19 Bracer
44:10 Two-Man Saw
44:44 Champion
44:45 Halberdier
47:47 Ring Archer Armor
RDA Ghosti
5:50 Loom
9:19 Feudal Age
9:21 Man-at-Arms
10:15 Double-Bit Axe
13:08 Fletching
13:57 Scale Mail Armor
22:53 Castle Age
21:38 Forging
21:20 Horse Collar
21:56 Gold Mining
23:23 Gambesons
24:30 Wheelbarrow
24:03 Arson
24:18 Squires
25:13 Chain Mail Armor
24:54 Elite Skirmisher
26:40 Squires
27:05 Bodkin Arrow
29:36 Iron Casting
30:02 Padded Archer Armor
32:27 Bow Saw
33:46 Gold Shaft Mining
33:01 Town Watch
34:48 Scale Barding Armor
35:12 Bloodlines
38:08 Thumb Ring
40:36 Leather Archer Armor
42:41 Light Cavalry
43:47 Chain Barding Armor
48:06 Imperial Age
49:10 Bracer
49:46 Plate Barding Armor
50:49 Hoardings
Connection lost

Rejoining the realm…

Still unreachable

The connection could not be restored.

Session expired

The server has moved on; the page needs a fresh start.